 Dungeon Crawl Stone Soup version 0.22.1-1-ga44c0e5 (webtiles) character file.

319 vierth the Sneak (level 6, 0/28 HPs)
             Began as a Spriggan Enchanter on Oct 6, 2018.
             Killed by divine providence
             ... invoked by an orc priest
              (14 damage)
             ... on level 3 of the Dungeon.
             The game lasted 00:16:18 (3780 turns).

vierth the Sneak (Spriggan Enchanter)               Turns: 3780, Time: 00:16:19

Health: 0/28       AC:  2    Str:  4    XL:     6   Next: 21%
Magic:  7/13       EV: 18    Int: 19    God:
Gold:   105        SH:  0    Dex: 16    Spells: 10/13 levels left

rFire    . . .     SeeInvis +   a - +1 dagger
rCold    + . .     Gourm    .   (shield restricted)
rNeg     . . .     Faith    .   b - +0 robe
rPois    .         Spirit   .   (helmet restricted)
rElec    .         Reflect  .   (no cloak)
rCorr    .         Harm     .   (gloves unavailable)
MR       +....                  (boots unavailable)
Stlth    +++.......             (no amulet)
HPRegen  0.09/turn              l - ring of protection from cold
MPRegen  0.13/turn              (no ring)

@: very quick
A: very small, unfitting armour, see invisible, herbivore, speed 3, slow
metabolism 2
a: no special abilities


You were on level 3 of the Dungeon.
You were hungry.

You visited 1 branch of the dungeon, and saw 3 of its levels.

You collected 105 gold pieces.

Inventory:

Hand Weapons
 a - a +1 dagger (weapon)
 e - a +1 vampiric short sword
Armour
 b - a +0 robe (worn)
Jewellery
 l - a ring of protection from cold (left hand)
Scrolls
 c - a scroll of blinking
 j - a scroll of random uselessness
Potions
 g - a potion of curing {unknown}
Comestibles
 d - 3 rations


   Skills:
 * Level 4.6 Short Blades
 - Level 3.0 Dodging
 + Level 5.5 Stealth
 + Level 4.4 Spellcasting
 + Level 5.1 Hexes


You had 10 spell levels left.
You knew the following spells:

 Your Spells              Type           Power        Failure   Level  Hunger
a - Corona                Hex            ###....      1%          1    None
b - Ensorcelled Hibernat  Hex/Ice        ##....       7%          2    #......

Your spell library contained the following spells:

 Spells                   Type           Power        Failure   Level  Hunger
 Confuse                  Hex            ###.....     4%          3    ###....
 Tukima's Dance           Hex            ###.....     4%          3    ###....
 Dazzling Spray           Conj/Hex       ##....       14%         3    ###....


Dungeon Overview and Level Annotations

Branches:
Dungeon (3/15)

Altars:
The Shining One


Innate Abilities, Weirdness & Mutations

You are very small and have problems with some larger weapons.
You are too small for most types of armour.
You have supernaturally acute eyesight. (SInv)
You are a herbivore.
You cover ground extremely quickly.
You need to consume almost no food.


Message History

You barely miss the orc priest.
You hit the orc priest but do no damage.
The orc hits you but does no damage. The orc priest closely misses you.
Casting: Ensorcelled Hibernation (safe; 7% risk of failure)
Confirm with . or Enter, or press ? or * to list all spells.
Aiming: Ensorcelled Hibernation (safe; 7% risk of failure)
Press: ? - help, Shift-Dir - straight line, f/p - orc priest
Aim: an orc priest, wielding a flail of protection and wearing a scale mail The orc priest is unaffected.
The orc barely misses you. The orc misses you.
The orc priest hits you with a flail of protection.
Casting: Ensorcelled Hibernation (safe; 7% risk of failure)
Confirm with . or Enter, or press ? or * to list all spells.
Aiming: Ensorcelled Hibernation (safe; 7% risk of failure)
Press: ? - help, Shift-Dir - straight line, f - orc, p - orc priest
Aim: an orc, wielding a hand axe (chance to defeat MR: 62%)
The orc looks drowsy...
The orc misses you.
The orc priest invokes the aid of Beogh against you.
Beogh smites you!
Ouch! That really hurt!
You die...

..... ####.....
#....... #...... #....#
#....# #....# #########
####...o### #.......###
#.....@o.)###.)........
#....##o..[.#.#......K.
#...[##...#.._..###....
#....########.#.# #....
#(...# #...# #....
#....# ##### #....
#....# ##### #....#
#.<..#


You could see an orc priest and 2 orcs.

Vanquished Creatures
  Sigmund (D:2)
  Natasha (twice) (D:2)
  7 adders (D:2)
  A leopard gecko (D:2)
  An orc (D:3)
  3 giant cockroaches
  9 goblins
  5 hobgoblins
  2 jackals (D:2)
  5 kobolds
  A quokka (D:2)
  6 bats
  3 frilled lizards
  3 rats
49 creatures vanquished.

Notes
Turn   | Place    | Note
-------+----------+-------------------------------------------
     0 | D:1      | vierth the Spriggan Enchanter began the quest for the Orb.
     0 | D:1      | Reached XP level 1. HP: 9/9 MP: 5/5
   803 | D:1      | Reached XP level 2. HP: 13/13 MP: 6/6
  1135 | D:1      | Learned a level 2 spell: Ensorcelled Hibernation
  1696 | D:2      | Reached XP level 3. HP: 10/16 MP: 8/8
  1925 | D:2      | Noticed Sigmund
  2037 | D:2      | Reached XP level 4. HP: 21/21 MP: 5/10
  2380 | D:2      | Noticed Natasha
  2421 | D:2      | Killed Natasha
  2714 | D:2      | Noticed Natasha
  3101 | D:2      | Killed Sigmund
  3101 | D:2      | Reached skill level 5 in Stealth
  3101 | D:2      | Reached skill level 5 in Hexes
  3101 | D:2      | Reached XP level 5. HP: 9/24 MP: 5/12
  3101 | D:2      | Reached XP level 6. HP: 11/28 MP: 5/13
  3510 | D:2      | Killed Natasha
  3541 | D:3      | Found a glowing golden altar of the Shining One.
  3780 | D:3      | Killed from afar by an orc priest

Skill      XL: |  1  2  3  4 |
---------------+-------------+-----
Spellcasting   | 3 4 |  4.4
Short Blades   | 2 3 4 |  4.6
Hexes          | 4 5 |  5.1
Stealth        | 5 |  5.5
Dodging        | |  3.0

Action                   |  1- 3 |  4- 6 || total
-------------------------+-------+-------++-------
Melee: Dagger            |    87 |    74 ||   161
 Cast: Ensorcelled Hiber |    12 |    37 ||    49
  Use: Scroll            |       |     6 ||     6
 Stab: Sleeping          |    14 |    19 ||    33
  Eat: Ration            |       |     1 ||     1
Armor: Robe              |     6 |     5 ||    11
Dodge: Dodged            |    76 |    63 ||   139
